 Dungeon Crawl Stone Soup version 0.18-a0-1229-ge9a1a01 (webtiles) character file.

139188 motkuuri the Bludgeoner (level 17, -1/112 HPs)
             Began as a Gargoyle Berserker on Dec 27, 2015.
             Was the Champion of Trog.
             Slain by a swamp dragon (7 damage)
             ... on level 4 of the Swamp on Feb 4, 2016.
             The game lasted 01:41:20 (30826 turns).

motkuuri the Bludgeoner (Gargoyle Berserker)       Turns: 30826, Time: 01:41:20

Health: -1/112     AC: 21    Str: 22    XL:     17   Next: 28%
Magic:  26/26      EV: 12    Int: 16    God:    Trog [******]
Gold:   2638       SH:  3    Dex:  9    Spells: 0 memorised, 16 levels left

rFire  + . .     SeeInvis +     n - +8 war axe "Bahoplel" {pain, rPois rC+ MP+9 SInv}
rCold  + . .     Gourm    .     (no armour)
rNeg   + + .     Faith    .     (no shield)
rPois  ∞         Spirit   .     z - +0 helmet
rElec  +         Dismiss  .     k - +1 cloak
rCorr  .         Reflect  +     I - +0 pair of gloves (curse)
SustAt .         Harm     .     (no boots)
MR     ++...                    E - +3 amulet of reflection
Stlth  ++........               f - ring "Symic" {rN+ MR+ AC+3 Stlth+}
                                a - ring of protection from fire

@: flying, very resistant to hostile enchantments, unstealthy
A: big wings, clever 1, negative energy resistance 1, electricity resistance,
unbreathing, petrification resistance, rot immunity, AC +12
a: Stop Flying, Berserk, Trog's Hand, Brothers in Arms, Burn Spellbooks,
Renounce Religion


You were on level 4 of the Swamp.
You worshipped Trog.
Trog was exalted by your worship.
You were hungry.

You visited 4 branches of the dungeon, and saw 29 of its levels.
You also visited: Labyrinth, Ossuary, Bailey and Ice Cave.

You collected 4009 gold pieces.
You spent 1371 gold pieces at shops.

Inventory:

Hand Weapons
 j - a +4 executioner's axe of venom
 n - the +8 war axe "Bahoplel" (weapon) {pain, rPois rC+ MP+9 SInv}
   (You bought it in a shop on level 2 of the Orcish Mines)

   In the hands of one skilled in necromantic magic, it inflicts extra damage on
   living creatures.
   It protects you from cold.
   It protects you from poison.
   It affects your magic capacity (+9).
   It lets you see invisible.
 Q - a +5 antimagic morningstar
Armour
 k - a +1 cloak (worn)
 z - a +0 helmet (worn)
 I - a cursed +0 pair of gloves (worn)
 O - a +0 large shield
 R - a +6 plate armour
Jewellery
 a - a ring of protection from fire (left hand)
 f - the ring "Symic" (right hand) {rN+ MR+ AC+3 Stlth+}
   (You found it on level 13 of the Dungeon)

   [ring of protection]

   It affects your AC (+3).
   It protects you from negative energy.
   It affects your resistance to hostile enchantments.
   It makes you more stealthy.
 x - an uncursed amulet of dismissal {unknown}
 y - an uncursed ring of see invisible
 B - an uncursed ring of protection from cold
 E - a +3 amulet of reflection (around neck)
 T - an uncursed ring of teleportation
 W - a +3 ring of intelligence {unknown}
Wands
 m - a wand of teleportation (5/9)
 v - a wand of paralysis (17/24)
 V - a wand of iceblast (8/15)
Scrolls
 e - 5 scrolls of recharging
 h - 3 scrolls of enchant armour
 p - 5 scrolls of blinking
 q - a scroll of acquirement {unknown}
 s - 4 scrolls of identify
 C - 10 scrolls of teleportation
 D - a scroll of holy word {unknown}
 G - 6 scrolls of fear
 H - 6 scrolls of remove curse
 J - a scroll of enchant weapon
 L - a scroll of magic mapping
 P - 2 scrolls of silence
Potions
 b - 3 potions of cancellation
 d - 10 potions of curing
 i - 4 potions of agility
 l - 2 potions of cure mutation
 o - 3 potions of berserk rage
 r - a potion of flight {unknown}
 t - 2 potions of mutation {unknown}
 u - 4 potions of might
 w - a potion of resistance {unknown}
 A - 6 potions of heal wounds
 K - 5 potions of haste
 M - 4 potions of magic
 S - 4 potions of invisibility
 U - 5 potions of brilliance
Books
 F - a book of Burglary

   Spells                             Type                      Level
   a - Swiftness                      Charms/Air                   2
   b - Passwall                       Transmutation/Earth          3
   c - Passage of Golubria            Translocation                4
   d - Lee's Rapid Deconstruction     Earth                        5
   e - Darkness                       Hexes                        6
   f - Invisibility                   Hexes                        6
   Trog disapproves of the use of such an item.
Comestibles
 c - 23 bread rations
 g - 10 meat rations
 N - a beef jerky
 X - a fruit


   Skills:
 + Level 14.9 Fighting
 - Level 12.6(16.2) Axes
 - Level 18.2(19.6) Maces & Flails
 + Level 12.6 Armour
 - Level 1.5 Dodging
 - Level 0.5 Stealth
 + Level 10.0 Shields


You had 16 spell levels left.
You didn't know any spells.

Dungeon Overview and Level Annotations

Branches:
Dungeon (15/15)            Temple (0/1) D:4            Lair (8/8) D:9
  Swamp (4/4) Lair:5        Snake (0/4) Lair:3        Slime (0/6) Lair:7
    Orc (2/2) D:11            Elf (0/3) Orc:2        Vaults (0/5) D:13
 Depths (0/5) D:15

Altars:
Ashenzari
Cheibriados
Dithmenos
Elyvilon
Fedhas
Gozag
Kikubaaqudgha
Makhleb
Nemelex Xobeh
Pakellas
Qazlal
Ru
Sif Muna
Trog
Vehumet
Xom
Yredelemnul
Zin
Beogh
Jiyva

Shops:
D:7 =   D:10 (   Orc:2 ![(=%

Annotations:
Swamp:4 Mara


Innate Abilities, Weirdness & Mutations

You are resistant to torment.
Your stone body is resilient (AC +12).
You are immune to poison.
Your large and strong wings let you fly indefinitely.
You resist negative energy.
You are resistant to electric shocks.
You can survive without breathing.
You are immune to petrification.
You are immune to rotting.
Your mind is acute. (Int +2)


Message History

The swamp dragon tramples you but does no damage.
The swamp drake breathes noxious fumes at you.
The noxious blast engulfs you!
You block the vampire mosquito's attack.
Mara gestures.
Mara blinks!
The vampire mosquito completely misses you.
The swamp dragon bites you but does no damage.
The swamp dragon claws you!
* * * LOW HITPOINT WARNING * * *
The swamp dragon tramples you.
* * * LOW HITPOINT WARNING * * *
You are shoved backwards!
The swamp drake bites you!
* * * LOW HITPOINT WARNING * * *
The swamp drake barely misses you.
The vampire mosquito closely misses you.
The swamp dragon misses you.
The swamp dragon claws you but does no damage.
The swamp dragon tramples you!
You die...

≈≈.≈≈≈≈.♣.≈.♣♣.≈..§≈≈..≈♣≈≈.≈
....≈≈..≈.≈≈.≈..≈≈.≈≈.♣♣♣...♣
♣♣.≈≈§.≈[.≈≈≈..♣≈≈y≈y.D≈≈.≈♣♣
♣≈..≈..♣≈.≈≈≈..♣♣§♣..kD†..♣♣
≈...≈.≈.≈♣.≈≈≈≈.♣♣♣♣♣k.♣≈♣♣
≈≈≈♣≈♣...♣≈@≈≈≈≈≈≈....♣.≈.♣
♣≈≈≈R.D≈≈≈≈≈≈≈[§§♣≈≈≈≈..
♣.≈≈§≈kkD≈≈≈≈.≈§†.≈≈.≈..
...♣♣≈≈≈≈kD@≈....♣§≈≈.≈.....
≈≈≈..≈§<♣≈y......♣.≈..≈≈≈≈≈≈
≈≈≈≈≈≈.≈♣...≈≈§≈.....≈≈≈≈≈≈≈
≈≈≈≈≈..D.≈≈≈≈≈..≈.≈...≈≈≈≈≈≈
≈≈.....§≈≈≈≈≈.♣♣♣♣≈≈≈<.≈≈≈≈≈
♣♣♣♣♣.≈≈≈≈≈≈.♣♣ ≈≈≈≈≈≈≈..≈≈
♣♣≈≈≈≈≈≈.. ..(≈≈≈≈.≈
♣.≈≈[≈≈≈≈♣ ..≈≈ ≈♣≈≈.....♣


You could see Mara, 3 swamp dragons, 3 swamp drakes, a steam dragon, a vampire
mosquito and motkuuri's illusion.

Vanquished Creatures
  Rupert (Lair:7)
  A thorn hunter (Swamp:3)
  A fire giant (D:15)
  Donald (Swamp:3)
  Erolcha (D:8)
  A minotaur (Lab)
  Snorg (Lair:6)
  Harold (D:11)
  18 hydras
  2 rakshasas (D:14)
  A ghost crab (Swamp:2)
  A naga warrior (Lair:3)
  4 catoblepae (Lair:8)
  4 centaur warriors
  3 alligators
  9 death yaks
  An orc high priest (Orc:2)
  9 skeletal warriors
  4 unseen horrors
  A spriggan druid (Swamp:3)
  3 swamp dragons
  4 shambling mangroves
  5 orc knights
  4 hill giants
  2 ugly things
  5 hornets
  A griffon (Lair:7)
  25 elephants
  6 cyclopes
  An orc sorcerer (Orc:1)
  8 black mambas
  2 ice statues (IceCv)
  Psyche (D:9)
  Maurice (D:8)
  2 torpor snails
  19 spiny frogs
  2 kobold demonologists (D:11)
  9 centaur skeletons
  14 komodo dragons
  An efreet (D:14)
  2 trolls
  2 freezing wraiths (D:14)
  A tengu conjurer (D:13)
  11 giant leeches
  3 polar bears
  A polar bear (shapeshifter) (D:14)
  4 fire drakes
  13 blink frogs
  A harpy skeleton (D:14)
  12 slime creatures
  3 bog bodies
  A two-headed ogre (D:11)
  Sigmund (D:4)
  47 yaks
  A shadow (D:14)
  12 hippogriffs
  A spriggan (Lair:7)
  16 humans (D:13)
  2 wraiths
  Grum (D:8)
  A steam dragon (shapeshifter) (D:14)
  A basilisk (Lair:7)
  15 wolves
  2 hungry ghosts
  4 wyverns
  A steam dragon (D:9)
  24 vampire mosquitoes
  5 wargs
  6 insubstantial wisps
  Edmund (D:4)
  21 swamp worms
  18 water moccasins
  The ghost of conein the Magician, an amateur DEWz (D:4)
  6 nagas (Lair:3)
  3 sky beasts
  2 phantoms
  10 porcupines
  46 orc warriors
  14 ice beasts
  12 wasps
  8 swamp drakes
  18 crocodiles
  10 ogres
  3 black bears
  2 eyes of draining
  19 centaurs
  6 big kobolds
  Blork the orc (D:4)
  32 giant frogs
  A gnoll sergeant (D:12)
  2 wyvern skeletons
  14 scorpions
  8 wights
  11 killer bees
  3 electric eels
  A quasit (D:13)
  6 crimson imps
  3 jellies
  7 centaur zombies
  19 orc wizards
  7 hounds
  11 orc priests
  2 giant frog skeletons
  11 iguanas
  14 worker ants
  21 sheep
  2 hound zombies
  A hound skeleton (D:9)
  3 mummies (Ossuary)
  3 worker ant zombies
  Robin (D:3)
  18 adders
  11 gnolls
  60 river rats
  7 scorpion zombies (Ossuary)
  A shadow imp (D:12)
  4 adder zombies
  3 oozes
  4 worms
  An adder skeleton (D:4)
  5 giant geckos
  69 orcs
  2 ball pythons
  3 giant cockroaches
  3 gnoll zombies (Ossuary)
  15 goblins
  11 hobgoblins
  19 jackals
  2 quokkas (D:3)
  11 bats
  2 giant newts
  4 hobgoblin zombies (Ossuary)
  22 kobolds
  A kobold zombie (Ossuary)
  An orc zombie (Ossuary)
  3 rats
  A fungus (Lair:5)
  A plant (Lair:7)
1042 creatures vanquished.

Vanquished Creatures (others)
  Nessos (Lair:5)
  A centaur warrior (D:14)
  A lindwurm (Swamp:4)
  A cyclops (D:15)
  A fire drake (Swamp:4)
  2 swamp drakes (Swamp:4)
  A mottled dragon (Swamp:4)
  2 orc warriors (Orc:2)
  7 centaurs
  A sheep (Orc:1)
  4 orcs
  A kobold (Bailey)
  A bush (Lair:5)
  13 fungi
  9 plants
46 creatures vanquished.

Grand Total: 1088 creatures vanquished

Notes
Turn   | Place    | Note
--------------------------------------------------------------
     0 | D:1      | motkuuri the Gargoyle Berserker began the quest for the Orb.
     0 | D:1      | Reached XP level 1. HP: 14/14 MP: 1/1
   492 | D:1      | Reached XP level 2. HP: 14/19 MP: 2/2
  1237 | D:2      | Reached ** piety under Trog
  1237 | D:2      | Reached XP level 3. HP: 19/24 MP: 3/3
  1388 | D:2      | Reached skill level 4 in Fighting
  1479 | D:2      | Found a sacrificial altar of Ru.
  1565 | D:2      | Reached XP level 4. HP: 25/29 MP: 4/4
  1692 | D:2      | Found a deep blue altar of Sif Muna.
  1692 | D:2      | Found a stormy altar of Qazlal.
  1696 | D:2      | Found a radiant altar of Vehumet.
  1697 | D:2      | Found an ancient bone altar of Kikubaaqudgha.
  1983 | D:3      | Noticed Robin
  1988 | D:3      | Found a snail-covered altar of Cheibriados.
  2000 | D:3      | Killed Robin
  2081 | D:3      | Reached *** piety under Trog
  2158 | D:3      | Reached XP level 5. HP: 34/34 MP: 5/5
  2187 | D:3      | Reached skill level 5 in Maces & Flails
  2332 | D:3      | Found a basalt altar of Yredelemnul.
  2363 | D:3      | Found a shattered altar of Ashenzari.
  2823 | D:4      | Reached XP level 6. HP: 39/39 MP: 6/6
  2892 | D:4      | Noticed Blork the orc
  2894 | D:4      | Noticed Sigmund
  2916 | D:4      | Reached skill level 6 in Maces & Flails
  2967 | D:4      | Reached skill level 5 in Fighting
  3051 | D:4      | Killed Sigmund
  3051 | D:4      | Reached skill level 7 in Maces & Flails
  3051 | D:4      | Reached XP level 7. HP: 24/44 MP: 7/7
  3101 | D:4      | Found a glowing silver altar of Zin.
  3133 | D:4      | Found a staircase to the Ecumenical Temple.
  3197 | D:4      | Killed Blork the orc
  3265 | D:4      | Noticed conein's ghost (amateur DEWz)
  3381 | D:4      | Killed conein's ghost
  3381 | D:4      | Reached skill level 8 in Maces & Flails
  3405 | D:4      | Found an oddly glowing altar of Pakellas.
  3461 | D:4      | Noticed Edmund
  3485 | D:4      | Killed Edmund
  3485 | D:4      | Reached XP level 8. HP: 51/51 MP: 8/8
  3541 | D:4      | Got a blackened chain mail
  3542 | D:4      | Identified the cursed +0 chain mail "Gakk" {MR+} (You found it on level 4 of the Dungeon)
  3858 | D:4      | Reached **** piety under Trog
  3858 | D:4      | Reached skill level 9 in Maces & Flails
  3914 | D:5      | Entered Level 5 of the Dungeon
  3948 | D:5      | Found a deep blue altar of Sif Muna.
  4517 | D:5      | Found a sparkling altar of Nemelex Xobeh.
  4768 | D:6      | Reached skill level 10 in Maces & Flails
  4769 | D:6      | Reached XP level 9. HP: 56/56 MP: 9/9
  4826 | D:6      | Found a sand-covered staircase.
  4842 | Ossuary  | Entered an ossuary
  5284 | Ossuary  | Reached skill level 1 in Shields
  5287 | Ossuary  | Reached skill level 11 in Maces & Flails
  6362 | D:7      | Found Kerch's Jewellery Shoppe.
  6617 | D:7      | Reached skill level 12 in Maces & Flails
  6617 | D:7      | Reached XP level 10. HP: 62/64 MP: 10/10
  6851 | D:7      | Found an oddly glowing altar of Pakellas.
  6887 | D:8      | Noticed Grum
  6918 | D:8      | Killed Grum
  7018 | D:8      | Noticed Erolcha
  7115 | D:8      | Reached ***** piety under Trog
  7237 | D:8      | Killed Erolcha
  7237 | D:8      | Reached skill level 13 in Maces & Flails
  7435 | D:8      | Found a white marble altar of Elyvilon.
  7654 | D:8      | Noticed Maurice
  7665 | D:8      | Killed Maurice
  7674 | D:8      | Found a burning altar of Makhleb.
  7675 | D:8      | Found a shimmering altar of Xom.
  7724 | D:8      | Found a shadowy altar of Dithmenos.
  7728 | D:8      | Reached skill level 14 in Maces & Flails
  8040 | D:8      | Received a gift from Trog
  8150 | D:9      | Found a staircase to the Lair.
  8164 | D:9      | Reached XP level 11. HP: 69/69 MP: 3/11
  8309 | Lair:1   | Entered Level 1 of the Lair of Beasts
  8314 | Lair:1   | Noticed a six-headed hydra
  8326 | Lair:1   | Killed a six-headed hydra
  8606 | Lair:1   | Reached skill level 15 in Maces & Flails
  8741 | Lair:1   | Noticed a five-headed hydra
  8772 | Lair:2   | HP: 4/108 [giant frog (3)]
  9467 | Lair:2   | Reached skill level 10 in Fighting
  9494 | Lair:2   | Reached XP level 12. HP: 20/77 MP: 4/12
  9543 | Lair:2   | Received a gift from Trog
  9666 | Lair:2   | Reached skill level 16 in Maces & Flails
 10135 | Lair:2   | Received a gift from Trog
 10882 | Lair:3   | Noticed a naga warrior
 10979 | Lair:3   | Killed a naga warrior
 11374 | Lair:3   | Found a staircase to the Snake Pit.
 11788 | Lair:4   | Noticed an eight-headed hydra
 11812 | Lair:4   | Killed an eight-headed hydra
 11812 | Lair:4   | Received a gift from Trog
 11814 | Lair:4   | Reached skill level 5 in Armour
 12010 | Lair:4   | Reached skill level 17 in Maces & Flails
 12120 | Lair:4   | Reached XP level 13. HP: 65/84 MP: 4/13
 13074 | Lair:5   | Noticed Nessos
 13092 | Lair:5   | Killed Nessos
 13308 | Lair:5   | Received a gift from Trog
 13391 | Lair:5   | Found a staircase to the Swamp.
 13664 | Lair:6   | Found a labyrinth entrance.
 13671 | Lab      | Entered a labyrinth
 14020 | Lab      | Noticed a minotaur
 14025 | Lab      | Killed a minotaur
 14030 | Lab      | Identified Fikku's Handbook of Unholy Arts
 14034 | Lab      | Identified a +6 rod of destruction (10/10) (You found it in a labyrinth)
 14183 | Lair:6   | Noticed Snorg
 14197 | Lair:6   | Killed Snorg
 14465 | Lair:6   | Reached skill level 18 in Maces & Flails
 14774 | Lair:7   | Noticed Rupert
 14787 | Lair:7   | Killed Rupert
 14895 | Lair:7   | Gained mutation: Your large and strong wings let you fly indefinitely. [Gargoyle growth]
 14895 | Lair:7   | Reached XP level 14. HP: 87/92 MP: 4/14
 15573 | Lair:7   | Found a viscous altar of Jiyva.
 15573 | Lair:7   | Found a staircase to the Slime Pits.
 15786 | Lair:8   | Entered Level 8 of the Lair of Beasts
 16058 | Lair:8   | Reached ****** piety under Trog
 16058 | Lair:8   | Received a gift from Trog
 16635 | Lair:8   | Reached skill level 5 in Shields
 16793 | Lair:8   | Reached skill level 10 in Armour
 17550 | Lair:8   | Identified Doich's Grimoire of Moulding
 17848 | Lair:1   | Received a gift from Trog
 17865 | Lair:1   | Got a bloodstained flail {god gift}
 17866 | Lair:1   | Identified the +2 flail of Beetle's Doom {speed, *Contam Str+4} (Trog gifted it to you on level 1 of the Lair of Beasts)
 18031 | Lair:1   | Reached XP level 15. HP: 100/100 MP: 15/15
 18890 | D:9      | Found a blossoming altar of Fedhas.
 19212 | D:9      | Noticed Psyche
 19222 | D:9      | Killed Psyche
 19357 | D:10     | Entered Level 10 of the Dungeon
 19357 | D:10     | Found Dirunn's Weapon Emporium.
 19916 | D:11     | Found a staircase to the Orcish Mines.
 19936 | Orc:1    | Entered Level 1 of the Orcish Mines
 20057 | D:11     | Received a gift from Trog
 20205 | Orc:1    | Found a roughly hewn altar of Beogh.
 20327 | Orc:2    | Entered Level 2 of the Orcish Mines
 20568 | Orc:2    | Found Bon Ydec's Distillery.
 20569 | Orc:2    | Found a staircase to the Elven Halls.
 20576 | Orc:2    | Bought a potion of brilliance for 64 gold pieces
 20576 | Orc:2    | Bought a potion of haste for 160 gold pieces
 20576 | Orc:2    | Bought a potion of haste for 160 gold pieces
 21066 | Orc:2    | Found Xiseot's Jewellery Emporium.
 21066 | Orc:2    | Found Zaotuof's Antique Weapon Boutique.
 21078 | Orc:2    | Found Fimpabb's Armour Shop.
 21080 | Orc:2    | Found Faepleeh's Food Shoppe.
 21085 | Orc:2    | Bought a polished morningstar for 315 gold pieces
 21130 | Orc:2    | Received a gift from Trog
 21154 | Orc:2    | Identified the cursed +1 morningstar of the Spider {freeze, *Confuse rElec Dex+3} (You bought it in a shop on level 2 of the Orcish Mines)
 21168 | Orc:2    | Bought an iridescent war axe for 297 gold pieces
 21169 | Orc:2    | Identified the +8 war axe "Bahoplel" {pain, rPois rC+ MP+9 SInv} (You bought it in a shop on level 2 of the Orcish Mines)
 21172 | Orc:2    | Bought an uncursed ring of protection from cold for 375 gold pieces
 21451 | Orc:1    | Reached skill level 1 in Axes
 21768 | D:11     | Noticed Harold
 21795 | D:11     | Killed Harold
 22575 | D:12     | Found a flagged portal.
 22585 | Bailey   | Entered a bailey
 22641 | Bailey   | Found a bloodstained altar of Trog.
 22827 | D:12     | Reached skill level 5 in Axes
 23655 | D:13     | Found a gate to the Vaults.
 23669 | D:13     | Received a gift from Trog
 23975 | D:13     | Received a gift from Trog
 23975 | D:13     | Reached XP level 16. HP: 107/107 MP: 16/16
 24578 | D:13     | Got a vibrating granite ring
 24580 | D:13     | Identified the ring "Symic" {rN+ MR+ AC+3 Stlth+} (You found it on level 13 of the Dungeon)
 24666 | D:14     | Got a heavily runed bone ring
 24714 | D:14     | Identified the ring "Ugrigem" {SustAt Str+2} (You found it on level 14 of the Dungeon)
 24750 | D:14     | Found a frozen archway.
 24758 | IceCv    | Entered an ice cave
 25247 | D:14     | Found a bloodstained altar of Trog.
 25708 | D:14     | Found an opulent altar of Gozag.
 25951 | D:14     | Reached skill level 10 in Axes
 26140 | D:15     | Entered Level 15 of the Dungeon
 26246 | D:15     | Found a staircase to the Depths.
 26452 | Lair:1   | Gained mutation: Your mind is acute. (Int +2) [potion of beneficial mutation]
 26564 | Swamp:1  | Entered Level 1 of the Swamp
 27059 | Swamp:1  | Received a gift from Trog
 27305 | Swamp:1  | Upgraded the game from 0.18-a0-921-g28655ce to 0.18-a0-946-g3ac5b32
 29254 | Swamp:3  | Reached XP level 17. HP: 112/112 MP: 17/17
 29530 | Swamp:3  | Noticed Donald
 29555 | Swamp:3  | Killed Donald
 29595 | Swamp:3  | Received a gift from Trog
 30007 | Swamp:4  | Entered Level 4 of the Swamp
 30560 | Swamp:3  | Reached skill level 10 in Shields
 30749 | Swamp:3  | Upgraded the game from 0.18-a0-946-g3ac5b32 to 0.18-a0-987-g0b0e4e7
 30749 | Swamp:3  | Upgraded the game from 0.18-a0-987-g0b0e4e7 to 0.18-a0-1229-ge9a1a01
 30815 | Swamp:4  | Noticed Mara
 30823 | Swamp:4  | Noticed motkuuri's illusion
 30826 | Swamp:4  | Slain by a swamp dragon

Vault maps used:
D:1:      saegor_arrival_simple_a, minivault_24, kennysheep_minor_cross,
          st_stairs_12
D:2:      nicolae_ru_sacrificial_ziggurat, minitemple
D:3:      lemuel_doored_altar, old_standard_altar, nicolae_ashenzari_panopticon,
          first_bread, uniq_robin
D:4:      forest_paths, nicolae_overflow_crystal_walls, kennysheep_little_box,
          minmay_temple_entry_statues, uniq_blork_the_orc, uniq_edmund,
          uniq_sigmund
D:5:      kennysheep_mini_moat, basic_altar, kennysheep_generic_room_10
D:6:      enter_ossuary_3, grunt_ministairs_10
D:7:      serial_shops, nicolae_shop_trees, basic_altar
D:8:      grunt_temple_overflow_champion_of_chaos, overflow_temple_1_default,
          kennysheep_mini, uniq_erolcha, uniq_maurice, uniq_grum
D:9:      erik_lair_orcish_takeover, fedhas_altar_3, uniq_psyche
D:10:     serial_shops, nicolae_shop_statue_plus
D:11:     uniq_harold
D:12:     enter_bailey_8
D:13:     david_vaults_3
D:14:     portal_ice_cave_entry_horrid_things, minmay_misc_feat_secret_circle,
          hangedman_tell_no_tales, roderic_lattice_a, hangedman_feature_mirror,
          hangedman_decor_slide_cut
D:15:     grunt_enter_depths_giant_problem, elyvilon_altar_4
Lair:1:   mu_elephants_graveyard, beast_lair_carwin_7, lemuel_fruit_fields
Lair:2:   beast_lair_carwin_1
Lair:3:   minmay_snake_entry_guardpost_large
Lair:4:   beast_lair_carwin_large_2, grunt_megastairs_3
Lair:5:   minmay_swamp_entry_worms, serial_bayou, serial_bayou_lagoon_a,
          serial_bayou_lake_a, serial_bayou_shore_a, serial_bayou_shore_b,
          uniq_nessos
Lair:6:   lab_entry_generic, nicolae_quartered_pool_super,
          grunt_forest_small_clearings, uniq_snorg
Lair:7:   dpeg_slime_entry_enclosed_altar, roderic_batcave, st_stairs_9,
          serial_bayou_pond_c, grunt_forest_large_clearing_hut, uniq_rupert
Lair:8:   evilmike_catoblepas_cave, st_stairs_4
Swamp:1:  hangedman_swamp_blocks, nicolae_swamp_hydra_murder_den,
          infiniplex_staircase_pool_2
Swamp:2:  infiniplex_staircase_pool, swamp_pool1
Swamp:3:  evilmike_swamp_ruin_house_4, swamp_pool1, uniq_donald
Swamp:4:  swamp_fiery, swamp_pool2, uniq_mara
Orc:1:    basic_altar
Orc:2:    st_orc_rangers, serial_shops, shop
Lab:      lab_statue, lab_hedge
Ossuary:  ossuary_minmay_scorpions
Bailey:   bailey_axe_3, bailey
IceCv:    ice_cave_statue_garden_01

Action                   |  1- 3 |  4- 6 |  7- 9 | 10-12 | 13-15 | 16-18 || total
-------------------------+-------+-------+-------+-------+-------+-------++-------
Melee: Mace              |   141 |    85 |       |       |       |       ||   226
       Flail             |       |   168 |   368 |   219 |   778 |       ||  1533
       Whip              |       |       |    52 |       |       |       ||    52
       Morningstar       |       |       |       |   620 |   923 |    69 ||  1612
       War axe           |       |       |       |       |   426 |   990 ||  1416
Invok: Berserk           |       |     2 |     5 |     5 |     9 |     3 ||    24
       Trog's Hand       |       |     2 |       |     1 |     4 |     1 ||     8
 Abil: Fly               |       |       |       |       |       |     1 ||     1
  Use: Scroll            |       |       |    12 |    13 |    10 |     8 ||    43
       Potion            |       |       |       |     1 |       |     2 ||     3
 Stab: Sleeping          |       |     1 |       |       |       |       ||     1
       Petrified         |       |       |       |       |     1 |       ||     1
       Fleeing           |       |       |       |       |     1 |       ||     1
  Eat: Chunk             |     2 |     5 |    13 |    23 |    34 |    16 ||    93
       Pizza             |       |     1 |     1 |     1 |     3 |     1 ||     7
       Fruit             |       |       |     4 |       |     6 |     5 ||    15
       Beef jerky        |       |       |       |       |     1 |       ||     1
       Bread ration      |       |       |       |       |     1 |       ||     1
       Meat ration       |       |       |       |       |       |     2 ||     2
